 Dungeon Crawl Stone Soup version 0.25.1-2-g60ff931df9 (webtiles) character file.

Game seed: 3927844228527096139

22793 hawla the Cleaver (level 12, -3/97 HPs)
             Began as a Minotaur Berserker on Oct 8, 2020.
             Was a High Priest of Trog.
             Killed from afar by an electric eel (8 damage)
             ... with a bolt of electricity
             ... on level 13 of the Dungeon.
             The game lasted 00:47:16 (17399 turns).

hawla the Cleaver (Minotaur Berserker)             Turns: 17399, Time: 00:47:16

Health: -3/97      AC: 15    Str: 26    XL:     12   Next: 66%
Magic:  11/11      EV: 16    Int:  4    God:    Trog [*****.]
Gold:   598        SH:  0    Dex: 17    Spells: 11/11 levels left

rFire    . . .     SeeInvis +   X - +3 scimitar (flame)
rCold    + . .     Gourm    .   (no shield)
rNeg     . . .     Faith    .   C - +1 scale mail {rPois}
rPois    +         Spirit   .   a - +2 hat {MR+}
rElec    .         Reflect  .   n - +1 cloak
rCorr    .         Harm     .   (no gloves)
MR       +....                  M - +0 pair of boots "Fuuvvoni" {*Drain +Inv +Fly rC+}
Stlth    ..........             (no amulet)
HPRegen  0.26/turn              k - +6 ring of dexterity
MPRegen  0.12/turn              D - ring of see invisible

@: contaminated, glowing
A: retaliatory headbutt, horns 2, frail 1
a: Berserk, Trog's Hand, Brothers in Arms, Renounce Religion, Evoke
Invisibility, Evoke Flight


You were on level 13 of the Dungeon.
You worshipped Trog.
Trog was extremely pleased with you.
You were not hungry.

You visited 2 branches of the dungeon, and saw 15 of its levels.
You also visited: Ossuary.

You collected 878 gold pieces.
You spent 280 gold pieces at shops.

Inventory:

Hand Weapons
 m - the +4 dagger of Fomiosef {venom, *Contam rN++ Int+2 Dex+4}
   (You took it off a kobold on level 5 of the Dungeon)

   It poisons the flesh of those it strikes.
   It affects your intelligence (+2).
   It affects your dexterity (+4).
   It greatly protects you from negative energy.
   It causes magical contamination when unequipped.
 o - a +0 quarterstaff of speed
 G - the +8 glaive of the Guard {elec, +Rage AC+5 SInv}
   (Trog gifted it to you on level 12 of the Dungeon)

   Occasionally, upon striking a foe, it will discharge some electrical energy
   and cause terrible harm.
   It affects your AC (+5).
   It lets you see invisible.
   It lets you go berserk.
 U - a +2 broad axe
 X - a +3 scimitar of flaming (weapon)
Missiles
 j - 2 boomerangs
 q - 7 javelins
 H - 47 poisoned darts (quivered)
 L - 2 silver boomerangs
 Y - 7 curare-tipped darts
Armour
 a - a +2 hat of magic resistance (worn)
 n - a +1 cloak (worn)
 C - a +1 scale mail of poison resistance (worn)
 M - the +0 pair of boots "Fuuvvoni" (worn) {*Drain +Inv +Fly rC+}
   (You bought it in a shop on level 7 of the Dungeon)

   It protects you from cold.
   It lets you turn invisible.
   It lets you fly.
   It causes draining when unequipped.
Jewellery
 k - a +6 ring of dexterity (left hand)
 l - the ring of Lafael {+Blink rF+ MR++ Str+2 Int-5}
   (You acquired it on level 12 of the Dungeon)

   [ring of protection from fire]

   It affects your strength (+2).
   It affects your intelligence (-5).
   It protects you from fire.
   It affects your resistance to hostile enchantments.
   It lets you blink.
 A - an uncursed ring of positive energy
 D - a ring of see invisible (right hand)
 F - an uncursed ring of protection from cold
 J - a +4 ring of protection
 P - a +6 ring of strength
Wands
 w - a wand of acid (7)
 y - a wand of random effects (81)
 I - a wand of flame (33)
 O - a wand of paralysis (6)
 W - a wand of clouds (3)
Scrolls
 h - 10 scrolls of remove curse
 p - 3 scrolls of teleportation
 s - 2 scrolls of enchant weapon
 t - 2 scrolls of magic mapping
Potions
 d - 4 potions of flight
 e - 5 potions of haste
 f - 2 potions of lignification
 g - 2 potions of resistance {unknown}
 i - 2 potions of magic {unknown}
 r - 4 potions of might
 v - a potion of stabbing
 x - 8 potions of curing
 z - 5 potions of degeneration {unknown}
 B - a potion of berserk rage {unknown}
 E - 3 potions of mutation {unknown}
 N - 3 potions of invisibility {unknown}
 Q - a potion of cancellation
 V - 2 potions of brilliance {unknown}
Miscellaneous
 b - a phial of floods
 u - a tin of tremorstones (3/3)
Comestibles
 c - 16 rations


   Skills:
 + Level 10.9 Fighting
 + Level 3.7 Long Blades
 + Level 11.9(13.0) Axes
   Level 5.3(11.1) Maces & Flails
 + Level 7.2(12.0) Polearms
 + Level 9.7(11.1) Staves
 + Level 5.2 Throwing
 + Level 10.2 Armour
 + Level 9.1 Dodging
 + Level 0.1 Evocations


You had 11 spell levels left.
You didn't know any spells.
Your spell library was empty.

Dungeon Overview and Level Annotations

Branches:
Dungeon (14/15)            Temple (1/1) D:4            Lair (0/6) D:8
    Orc (0/2) D:9          Vaults (0/5) D:13        Ossuary (visited)

Altars:
Okawaru
Sif Muna
Trog
Zin
The Shining One

Shops:
D:6 (   D:7 *

Annotations:
D:1 fire cache


Innate Abilities, Weirdness & Mutations

You reflexively headbutt those who attack you in melee.
You have a pair of horns on your head.
You are frail. (-10% HP)


Message History

The electric eel shoots out a bolt of lightning at you!
The bolt of electricity hits you!
* * * LOW HITPOINT WARNING * * *
The electric eel shoots out a bolt of lightning at you!
The bolt of electricity hits the electric eel.
The electric eel completely resists.
The bolt of electricity hits you!
* * * LOW HITPOINT WARNING * * *
The electric eel shoots out a bolt of lightning at you!
The bolt of electricity hits you!
* * * LOW HITPOINT WARNING * * *
The electric eel shoots out a bolt of lightning at you!
The bolt of electricity hits the electric eel.
The electric eel completely resists.
The bolt of electricity misses you.
The electric eel shoots out a bolt of lightning at you!
The bolt of electricity hits the electric eel.
The electric eel completely resists.
The bolt of electricity hits you.
* * * LOW HITPOINT WARNING * * *
The electric eel shoots out a bolt of lightning at you!
The bolt of electricity hits you!
You die...

(............#...)(<.≈≈≈≈≈≈≈≈≈#..
((...........#.######≈≈≈≈≈≈≈≈≈##.
.(......#...<.....≈..≈≈≈≈≈≈≈≈≈...
#..((.(......#.#.≈≈≈##≈≈≈≈≈≈≈≈###
....(.(......#..≈≈≈)≈...≈≈≈≈≈≈###
.(..[..........≈≈≈≈≈≈.(.>.≈≈≈....
#(..............≈≈≈≈≈.....≈≈#####
#............#.#.≈≈≈##....≈## #..
#............#.#@#≈###....## #..
#..............#.### #)...# #..
#...........####.# #....# ###
#...........# #.# ######
...........## #;# ≈≈≈ ≈≈≈≈≈ ####
≈≈≈≈≈≈≈ #... ...# ≈≈≈≈≈;≈≈≈ #...


You could see an electric eel.

Vanquished Creatures
  Gastronok (D:8)
  Harold (D:10)
  A hydra (D:12)
  Erolcha (D:9)
  A centaur warrior (D:10)
  Erica (D:8)
  2 dancing weapons (D:13)
  2 two-headed ogres (D:10)
  Nergalle (D:11)
  2 unseen horrors
  2 ugly things
  A cyclops (D:13)
  A manticore (D:13)
  A centaur zombie (D:13)
  Psyche (D:10)
  A rime drake (shapeshifter) (D:13)
  The ghost of coolio the Poker, a novice DsWn of Ashenzari (D:5)
  3 trolls
  Grinder (D:3)
  A meliai zombie (D:12)
  A hippogriff (D:5)
  A spriggan (D:7)
  A wraith (D:11)
  Sigmund (D:2)
  5 yaks (D:9)
  A wyvern (D:12)
  2 hungry ghosts
  A water elemental (D:13)
  Grum (D:8)
  2 steam dragons
  2 black bears
  4 sky beasts
  6 orc warriors
  An ogre (D:9)
  A phantom (D:9)
  A necrophage (D:6)
  3 wolves (D:8)
  13 centaurs
  4 big kobolds
  A crocodile (D:8)
  8 bullfrogs
  A wyvern skeleton (D:11)
  5 water moccasin zombies (Ossuary)
  5 scorpions
  7 killer bees
  5 wights (D:4)
  6 electric eels
  3 bullfrog zombies
  2 howler monkeys (D:9)
  3 crimson imps
  13 orc priests
  2 quasits
  A bullfrog skeleton (D:6)
  6 hounds
  2 jellies
  17 orc wizards
  4 centaur skeletons
  4 iguanas
  11 worker ants
  A hound skeleton (D:6)
  2 mummies (Ossuary)
  Robin (D:3)
  A howler monkey zombie (D:11)
  4 gnolls (D:5)
  19 adders
  5 shadow imps
  2 oozes
  4 adder zombies
  2 adder skeletons
  2 worms (D:3)
  A dart slug (D:4)
  7 leopard geckos
  57 orcs
  8 bats
  4 giant cockroaches
  17 goblins
  9 hobgoblins
  19 jackals
  3 quokkas
  4 frilled lizards
  4 gnoll zombies (Ossuary)
  6 hobgoblin zombies (Ossuary)
  41 kobolds
  4 kobold zombies (Ossuary)
  A leopard gecko zombie (D:5)
  8 orc zombies (Ossuary)
  9 rats
428 creatures vanquished.

Vanquished Creatures (collateral kills)
  An orc warrior (D:6)
  An orc priest (D:6)
  An orc (D:6)
3 creatures vanquished.

Vanquished Creatures (others)
  A big kobold (D:9)
  A killer bee (D:13)
  An adder (D:8)
  An orc (D:13)
  5 kobolds
  A bat (D:1)
  A rat (D:1)
11 creatures vanquished.

Grand Total: 442 creatures vanquished

Notes
Turn   | Place    | Note
-------+----------+-------------------------------------------
     0 | D:1      | hawla the Minotaur Berserker began the quest for the Orb.
     0 | D:1      | Reached XP level 1. HP: 19/19 MP: 0/0
   168 | D:1      | Reached XP level 2. HP: 27/27 MP: 1/1
   262 | D:1      | Reached skill level 4 in Axes
   820 | D:2      | Reached XP level 3. HP: 13/33 MP: 2/2
   998 | D:2      | Found an iron altar of Okawaru.
  1017 | D:2      | Reached ** piety under Trog
  1373 | D:2      | Reached XP level 4. HP: 35/41 MP: 3/3
  1593 | D:2      | Noticed Sigmund
  1601 | D:2      | Killed Sigmund
  1601 | D:2      | Reached skill level 5 in Fighting
  1601 | D:2      | Reached skill level 5 in Axes
  1601 | D:2      | Reached XP level 5. HP: 43/48 MP: 4/4
  2440 | D:3      | Reached XP level 6. HP: 56/56 MP: 5/5
  2837 | D:3      | Noticed Robin
  2867 | D:3      | Killed Robin
  2869 | D:3      | Reached *** piety under Trog
  2884 | D:3      | Noticed Grinder
  2897 | D:3      | Killed Grinder
  2897 | D:3      | Reached skill level 5 in Dodging
  2897 | D:3      | Reached XP level 7. HP: 29/62 MP: 6/6
  4164 | D:4      | Got a glittering granite ring
  4274 | D:4      | Reached **** piety under Trog
  4378 | D:4      | Found a staircase to the Ecumenical Temple.
  4564 | D:4      | Reached skill level 5 in Staves
  4580 | D:4      | Reached XP level 8. HP: 67/70 MP: 7/7
  5049 | D:4      | Identified the ring "Riaraosm" {rC- rN+ EV+4 Str+4} (You
                  | found it on level 4 of the Dungeon)
  5102 | D:5      | Entered Level 5 of the Dungeon
  5250 | D:5      | Reached skill level 1 in Long Blades
  5295 | D:5      | Identified the +4 chain mail "Ofryce" {rC+ Slay-6 SInv}
  5407 | D:5      | Found a runed translucent gate.
  5407 | D:5      | Found a runed translucent gate.
  5407 | D:5      | Found a runed translucent gate.
  5408 | D:5      | Identified the +4 dagger of Fomiosef {venom, *Contam rN++
                  | Int+2 Dex+4}
  5408 | D:5      | Noticed coolio's ghost (novice DsWn)
  5426 | D:5      | Found a sand-covered staircase.
  5435 | Ossuary  | Entered an ossuary
  5457 | Ossuary  | Reached skill level 1 in Maces & Flails
  5530 | Ossuary  | Reached ***** piety under Trog
  5530 | Ossuary  | Reached skill level 1 in Polearms
  5808 | D:5      | Noticed a hippogriff
  5815 | D:5      | Killed a hippogriff
  5870 | D:5      | Reached XP level 9. HP: 77/78 MP: 8/8
  6583 | D:6      | Found Nusmil's Weapon Emporium.
  6636 | D:6      | Reached skill level 6 in Axes
  6739 | D:6      | Reached skill level 5 in Polearms
  7410 | D:7      | Found Maewoude's Assorted Antiques.
  7433 | D:7      | Bought a pair of fading boots for 256 gold pieces
  7433 | D:7      | Bought a fizzy silvery potion for 24 gold pieces
  7438 | D:7      | Identified the +0 pair of boots "Fuuvvoni" {*Drain +Inv
                  | +Fly rC+} (You bought it in a shop on level 7 of the
                  | Dungeon)
  7745 | D:7      | Reached skill level 7 in Axes
  7745 | D:7      | Reached skill level 5 in Armour
  8020 | D:7      | Received a gift from Trog
  8256 | D:7      | Found a glowing golden altar of the Shining One.
  8748 | Temple   | Entered the Ecumenical Temple
  8893 | D:8      | Noticed Grum
  8906 | D:8      | Reached XP level 10. HP: 40/88 MP: 9/9
  9333 | D:8      | Found a staircase to the Lair.
  9433 | D:8      | Reached skill level 1 in Throwing
  9512 | D:8      | Noticed Gastronok
  9536 | D:8      | Killed Gastronok
  9536 | D:8      | Reached skill level 8 in Axes
  9581 | D:8      | Reached skill level 5 in Maces & Flails
  9699 | D:8      | Killed Grum
  9958 | D:8      | Noticed Erica
  9967 | D:8      | Killed Erica
 10166 | D:9      | Noticed Erolcha
 10177 | D:9      | Killed Erolcha
 10177 | D:9      | Reached XP level 11. HP: 95/95 MP: 10/10
 10258 | D:10     | Entered Level 10 of the Dungeon
 10831 | D:9      | Found a staircase to the Orcish Mines.
 10831 | D:9      | Found a bloodstained altar of Trog.
 10860 | D:9      | Reached skill level 9 in Axes
 11462 | D:10     | Noticed Harold
 11482 | D:10     | Killed Harold
 11482 | D:10     | Reached skill level 10 in Axes
 11488 | D:10     | Received a gift from Trog
 11852 | D:10     | Identified An Introduction to Wizardry
 12180 | D:10     | Noticed a two-headed ogre
 12188 | D:10     | Killed a two-headed ogre
 12395 | D:10     | Noticed Psyche
 12399 | D:10     | Killed Psyche
 12670 | D:10     | Noticed an unseen horror
 12673 | D:10     | Killed an unseen horror
 12673 | D:10     | Reached skill level 11 in Axes
 12702 | D:10     | Noticed a two-headed ogre
 12731 | D:10     | Killed a two-headed ogre
 13044 | D:10     | Noticed a centaur warrior
 13056 | D:10     | Killed a centaur warrior
 14069 | D:11     | Noticed an unseen horror
 14267 | D:11     | Killed an unseen horror
 14267 | D:11     | Reached XP level 12. HP: 94/106 MP: 11/11
 14277 | D:11     | Noticed Nergalle
 14298 | D:11     | Reached skill level 10 in Fighting
 14313 | D:11     | Killed Nergalle
 14779 | D:12     | Identified a scroll of acquirement
 14779 | D:12     | Acquired the ring of Lafael {+Blink rF+ MR++ Str+2 Int-5}
 14995 | D:12     | Noticed a four-headed hydra
 15001 | D:12     | Killed a one-headed hydra
 15261 | D:12     | Received a gift from Trog
 15262 | D:12     | Found the +8 glaive of the Guard {elec, +Rage AC+5 SInv}
 15293 | D:12     | Lost intelligence.
 15905 | D:13     | Reached skill level 5 in Throwing
 16000 | D:13     | Found a gate to the Vaults.
 16082 | D:13     | Reached skill level 10 in Armour
 16273 | D:5      | Killed coolio's ghost
 16500 | D:13     | Gained mutation: You are frail. (-10% HP) [mutagenic glow]
 17399 | D:13     | Killed from afar by an electric eel

Illustrated notes

Levels and vault maps discovered:
D:1:      wander_arrival_desolate, layout_loops_ring, lemuel_flame_loot_1
D:2:      layout_basic, okawaru_ov_weapons_minmay, uniq_sigmund
D:3:      minmay_door_path, layout_loops_corners, first_ration,
          cheibrodos_sewer_entry_bend, uniq_grinder, uniq_robin
D:4:      layout_basic, minmay_temple_entry_arrows, serial_bayou_pond_e
D:5:      layout_cave_pods, nicolae_ossuary_entry_ruins,
          gammafunk_ghost_nasty_kobolds, grunt_decor_resistance
D:6:      layout_cave_pods, serial_shops, kennysheep_mini_moat, hex_tiny,
          dk_noncrumbling_3
D:7:      layout_loops_ring, nicolae_tso_swordbearing_angel, serial_shops,
          nicolae_shop_overgrown_old_shop, the_bakery
D:8:      layout_rooms, lair_entry_dummy, uniq_erica, uniq_grum, uniq_gastronok
D:9:      layout_basic, orc_0_dummy, bloody_trog, uniq_erolcha
D:10:     layout_basic, uniq_harold, uniq_psyche
D:11:     layout_loops_ring, uniq_nergalle
D:12:     layout_gridville
D:13:     layout_basic, erik_vaults_1
D:14:     layout_roguey, enter_trove_6, small_statue_alley_a, minmay_checkerbox
Temple:   minmay_crystal_snake_temple

Skill      XL: |  1  2  3  4  5  6  7  8  9 10 11 12 |
---------------+-------------------------------------+-----
Fighting       | 4 5 6 7 8 9 10 | 10.9
Axes           | 4 5 7 8 11 | 11.9
Dodging        | 3 4 5 6 7 8 9 |  9.1
Armour         | 3 4 6 8 9 10 | 10.2
Staves         | 2 5 6 7 8 9 |  9.7
Long Blades    | 1 2 3 |  3.7
Maces & Flails | 1 3 5 |  5.3
Polearms       | 3 5 7 |  7.2
Throwing       | 4 5 |  5.2
Evocations     | |  0.1

Action                   |  1- 3 |  4- 6 |  7- 9 | 10-12 || total
-------------------------+-------+-------+-------+-------++-------
Melee: Hand axe          |    61 |       |       |       ||    61
       Headbutt          |    10 |    15 |   100 |   115 ||   240
       Falchion          |     4 |    10 |       |       ||    14
       Quarterstaff      |       |    79 |   216 |   179 ||   474
       War axe           |       |       |    82 |   122 ||   204
       Trident           |       |       |    69 |    15 ||    84
       Long sword        |       |       |    50 |       ||    50
       Dire flail        |       |       |    73 |    17 ||    90
       Great mace        |       |       |     8 |       ||     8
       Scimitar          |       |       |       |    29 ||    29
       Broad axe         |       |       |       |    66 ||    66
       Glaive            |       |       |       |    43 ||    43
       Dagger            |       |       |       |    18 ||    18
Throw: Javelin           |       |       |     5 |       ||     5
       Dart              |       |       |       |    43 ||    43
       Boomerang         |       |       |       |    12 ||    12
Invok: Trog's Hand       |       |       |     1 |       ||     1
       Brothers in Arms  |       |       |     1 |       ||     1
 Abil: Stop Flying       |       |       |       |     1 ||     1
       Evoke Flight      |       |       |       |     1 ||     1
  Use: Scroll            |     7 |     1 |     7 |    12 ||    27
       Potion            |       |       |     2 |     5 ||     7
  Eat: Chunk             |     1 |     5 |    20 |    18 ||    44
       Ration            |       |       |       |     5 ||     5
Armor: Animal skin       |    11 |     7 |       |       ||    18
       Leather armour    |       |    11 |    11 |       ||    22
       Ring mail         |       |       |    15 |       ||    15
       Scale mail        |       |       |    29 |   124 ||   153
       Chain mail        |       |       |    53 |       ||    53
       Skin              |       |       |       |     1 ||     1
Dodge: Dodged            |    47 |    56 |   387 |   561 ||  1051
       Rpst.: Falchion   |       |     1 |       |       ||     1
       Long sword        |       |       |    10 |       ||    10
       Scimitar          |       |       |       |     9 ||     9
